 Dungeon Crawl Stone Soup version 0.19-a0-1714-gcab94ab (webtiles) character file.

300 st0uf the Skirmisher (level 5, -10/46 HPs)
             Began as a Demigod Fighter on Sept 28, 2016.
             Blown up by a crimson imp (21 damage)
             ... with a wand of disintegration
             ... on level 5 of the Dungeon.
             The game lasted 00:09:07 (3311 turns).

st0uf the Skirmisher (Demigod Fighter)              Turns: 3311, Time: 00:09:08

Health: -10/46     AC: 12    Str: 19    XL:     5   Next: 89%
Magic:  7/7        EV:  8    Int: 12    God:
Gold:   264        SH:  0    Dex: 17    Spells: 0 memorised, 4 levels left

rFire  . . .     SeeInvis .     a - +0 long sword
rCold  . . .     Gourm    .     r - +0 chain mail
rNeg   . . .     Faith    .     (no shield)
rPois  .         Spirit   .     p - +0 helmet
rElec  .         Dismiss  .     j - +0 cloak
rCorr  .         Reflect  .     (no gloves)
MR     .....     Harm     .     (no boots)
Stlth  ..........               (no amulet)
                                (no ring)
                                (no ring)

@: no status effects
A: high mp 1
a: no special abilities


You were on level 5 of the Dungeon.
You were not hungry.

You visited 1 branch of the dungeon, and saw 5 of its levels.

You collected 264 gold pieces.

Inventory:

Hand Weapons
 a - a +0 long sword (weapon)
 n - a +1 short sword of flaming
Armour
 c - a +0 shield
 j - a +0 cloak (worn)
 p - a +0 helmet (worn)
 r - a +0 chain mail (worn)
Jewellery
 x - an uncursed amulet of harm {unknown}
 y - an uncursed amulet of regeneration {unknown}
Scrolls
 g - 3 scrolls of identify {unknown}
 i - a scroll of remove curse {unknown}
 l - a scroll of enchant weapon {unknown}
 o - 3 scrolls of recharging {unknown}
 q - 2 scrolls of fog {unknown}
 s - 4 scrolls of random uselessness {unknown}
 t - 2 scrolls of teleportation {unknown}
 v - 2 scrolls of magic mapping {unknown}
 z - a scroll of immolation {unknown}
 A - a scroll of amnesia {unknown}
Potions
 d - 2 potions of might
 e - a potion of curing {unknown}
 h - 2 potions of agility {unknown}
 m - a potion of haste {unknown}
 u - a potion of degeneration {unknown}
 w - a potion of magic {unknown}
Comestibles
 b - 2 chunks of flesh
 f - 4 bread rations
 k - 2 meat rations


   Skills:
 * Level 4.0 Fighting
 * Level 3.7 Long Blades
 + Level 3.4 Armour
 + Level 1.1 Dodging
 + Level 3.3 Shields


You had 4 spell levels left.
You didn't know any spells.

Dungeon Overview and Level Annotations

Branches:
Dungeon (5/15)             Temple (0/1) D:5


Innate Abilities, Weirdness & Mutations

You have an increased reservoir of magic. (+10% MP)


Message History

The crimson imp is heavily wounded.
The crimson imp zaps a wand.
You are blasted!
It is a wand of disintegration.
You hit the crimson imp but do no damage.
The crimson imp is moderately wounded.
The crimson imp zaps a wand.
You are blasted!
You barely miss the crimson imp.
The crimson imp is moderately wounded.
The crimson imp grinds its teeth.
The crimson imp hits you but does no damage.
You closely miss the crimson imp.
The crimson imp is moderately wounded.
The crimson imp zaps a wand.
You are blasted!
* * * LOW HITPOINT WARNING * * *
The crimson imp blinks!
The crimson imp throws a stone.
The stone barely misses you.
You see here a stone.
The crimson imp zaps a wand.
You struggle to resist.
The crimson imp blinks!
The crimson imp zaps a wand.
You are blasted!
You die...

.# #.# #+#...#...# #.#. .#
#.# #.#...##### #.#. .# #.#
#.#...# #.#. .# #.# #.#...#
#.#. .# #.# #.#...#######
#.#.
.###.#######.#.5.##....#####
#.#.
....................(......#
#.#.
.#############...##.#..###.#
#.## .# #..@..(#..# #.###.#
.# #.#.####.####..##.# .#
#..............##.# .#
###.####.#####.##.# .#
#......# #.##.# .# ########
#..#.# #<.#.# #..#.# #..#.#


You could see a crimson imp.

Vanquished Creatures
  A phantom (D:5)
  A worker ant (D:5)
  Robin (D:2)
  4 gnolls
  5 adders
  An ooze (D:5)
  2 worms
  A dart slug (D:2)
  2 leopard geckos
  6 orcs (D:3)
  8 bats
  3 giant cockroaches
  14 goblins
  7 hobgoblins
  9 jackals
  7 kobolds
  A quokka (D:3)
  3 ball pythons
  2 frilled lizards
  3 rats
81 creatures vanquished.

Notes
Turn   | Place    | Note
-------+----------+-------------------------------------------
     0 | D:1      | st0uf the Demigod Fighter began the quest for the Orb.
     0 | D:1      | Reached XP level 1. HP: 18/18 MP: 3/3
   496 | D:1      | Reached XP level 2. HP: 23/25 MP: 4/4
  1015 | D:2      | Reached skill level 3 in Fighting
  1137 | D:2      | Reached XP level 3. HP: 31/31 MP: 5/5
  1253 | D:2      | Noticed Robin
  1270 | D:2      | Killed Robin
  1595 | D:2      | Found a faded altar of an unknown god.
  1626 | D:2      | Reached XP level 4. HP: 33/38 MP: 6/6
  2799 | D:3      | Reached XP level 5. HP: 46/46 MP: 7/7
  2898 | D:4      | Noticed an ogre
  2913 | D:5      | Entered Level 5 of the Dungeon
  3129 | D:5      | Noticed a phantom
  3149 | D:5      | Killed a phantom
  3149 | D:5      | Reached skill level 4 in Fighting
  3149 | D:5      | Reached skill level 1 in Dodging
  3157 | D:5      | Found a staircase to the Ecumenical Temple.
  3311 | D:5      | Blown up by a crimson imp

Vault maps used:
D:1:      sevenhm_arrival_forest_fort_large_1
D:2:      ecumenical_altar_1, uniq_robin
D:3:      minmay_misc_feat_rugged
D:4:      first_bread

Skill      XL: |  1  2  3  4  5 |
---------------+----------------+-----
Long Blades    | 2 3 |  3.7
Fighting       | 3 4 |  4.0
Armour         | 3 |  3.4
Shields        | 3 |  3.3
Dodging        | 1 |  1.1

Action                   |  1- 3 |  4- 6 || total
-------------------------+-------+-------++-------
Melee: Long sword        |   134 |   156 ||   290
  Eat: Chunk             |     2 |     6 ||     8
Armor: Scale mail        |    62 |       ||    62
       Chain mail        |       |    85 ||    85
Dodge: Dodged            |    71 |    64 ||   135
